 Dungeon Crawl Stone Soup version 0.30.0 (webtiles) character file.

Game seed: 2901982424797098438

7 IAmTheZeppo the Conjurer (level 1, -2/14 HPs)
             Began as a Draconian Conjurer on July 28, 2023.
             Frozen to death by an endoplasm (5 damage)
             ... on level 1 of the Dungeon.
             The game lasted 00:08:25 (272 turns).

IAmTheZeppo the Conjurer (Draconian Conjurer)        Turns: 272, Time: 00:08:26

Health: -2/14      AC:  4    Str:  9    XL:     1   Next: 91%
Magic:  3/3        EV: 12    Int: 18    God:
Gold:   24         SH:  0    Dex:  9    Spells: 4/4 levels left

rFire   . . .        e - +0 spear
rCold   . . .        (no shield)
rNeg    . . .        (body armour unavailable)
rPois   .            (helmet restricted)
rElec   .            (no cloak)
rCorr   .            (no gloves)
SInv    .            (no boots)
Will    .....        (no amulet)
Stlth   ++           (no ring)
HPRegen 0.22/turn    (no ring)
MPRegen 0.08/turn

%: no passive effects
@: slowed, very slow
A: AC +4, unfitting armour, cold-blooded
a: no special abilities


You were on level 1 of the Dungeon.
You visited 1 branch of the dungeon, and saw 1 of its levels.

You collected 24 gold pieces.

Inventory:

Hand Weapons
 e - a +0 spear (weapon)
 f - a +0 club
Missiles
 d - 6 boomerangs
 g - 3 stones
Armour
 b - a +0 robe
 i - a +0 plate armour
Scrolls
 j - a scroll of vulnerability {unknown}
 k - a scroll of teleportation {unknown}
Potions
 a - a potion of magic
 h - a potion of lignification {unknown}


   Skills:
 + Level 1.9 Dodging
 + Level 1.7 Stealth
 + Level 2.0 Spellcasting
 + Level 4.3 Conjurations


You had 4 spell levels left.
You didn't know any spells.
Your spell library contained the following spells:

 Spells                   Type           Power      Damage    Failure   Level
 Magic Dart               Conj           68%        1d6       3%          1
 Searing Ray              Conj           34%        2d5       4%          2
 Dazzling Flash           Conj/Hex       18%        N/A       22%         3
 Fulminant Prism          Conj/Hex       4%         3d5       58%         4
 Iskenderun's Mystic Bla  Conj/Tloc      9%         2d4       58%         4


Dungeon Overview and Level Annotations

Branches:
Dungeon (1/15)

Altars:


Innate Abilities, Weirdness & Mutations

Your plain brown scales are hard. (AC +4)
You cannot fit into any form of body armour.
You are cold-blooded and may be slowed by cold attacks.


Message History

Found a scroll labelled KUNWIWAIRGH.
There is an open door here.
k - a scroll labelled KUNWIWAIRGH You open the door.
An endoplasm comes into view.
The endoplasm quivers.
There is an open door here.
As you read the scroll labelled ZOOSOOLUTO, it crumbles to dust.
It is a scroll of amnesia.
Forget Magic Dart, freeing 1 spell level for a total of 4? [Y]es or [N]o only, please.
Forget Magic Dart, freeing 1 spell level for a total of 4?
Your memory of Magic Dart unravels.
You hit the endoplasm but do no damage. You tail-slap the endoplasm.
The endoplasm is lightly wounded.
The endoplasm freezes you.
You are frozen.
You hit the endoplasm.
The endoplasm is severely wounded.
The endoplasm freezes you.
You are frozen.
You hit the endoplasm.
You kill the endoplasm!
An endoplasm comes into view.
Found a scroll of amnesia.
The endoplasm quivers.
You hit the endoplasm but do no damage. You tail-slap the endoplasm.
The endoplasm is almost dead.
The endoplasm freezes you.
You are frozen.
* * * LOW HITPOINT WARNING * * *
You feel yourself slow down. The endoplasm barely misses you.
You hit the endoplasm but do no damage.
The endoplasm is almost dead.
The endoplasm closely misses you.
You hit the endoplasm but do no damage.
The endoplasm is almost dead.
The endoplasm freezes you.
You are frozen.
You die...

## ###......#......#
#####......#+#......#
##...........#....
..#.........# . .
#.........###?
#..>......+..# #
#.........##.# #.#
#.........##J#...#
##'######...@....#
#......'....#.#.#
########....# #
##........ ######...
.. .


You could see an endoplasm.

Vanquished Creatures
  A ball python (D:1)
  An endoplasm (D:1)
  A goblin (D:1)
  2 hobgoblins (D:1)
  A frilled lizard (D:1)
6 creatures vanquished.

Notes
Turn   | Place    | Note
-------+----------+-------------------------------------------
     0 | D:1      | IAmTheZeppo the Draconian Conjurer began the quest for the
                  | Orb.
     0 | D:1      | Reached XP level 1. HP: 14/14 MP: 3/3
   272 | D:1      | Frozen to death by an endoplasm

Illustrated notes

Levels and vault maps discovered:
D:1:      spicycebolla_green_bress_n_ham_2, layout_basic

Action                     || total
---------------------------++-------
  Melee: Spear             ||    20
         Unarmed           ||     8
         Tailslap          ||     4
   Cast: Magic Dart        ||     3
    Use: Scroll            ||     1
 Armour: Skin              ||     8
  Dodge: Dodged            ||    11
